 Dungeon Crawl Stone Soup version 0.30.0-13-g156ef70053 (webtiles) character file.

Game seed: 13385465790806175690

72510 howech the Stickfighter (level 15, 0/137 HPs)
             Began as a Minotaur Gladiator on May 17, 2023.
             Was an Initiate of Gozag.
             Slain by a tentacled starspawn (17 damage)
             ... while paralysed by accursed screaming
             ... on level 4 of the Abyss.
             The game lasted 01:36:47 (23285 turns).

howech the Stickfighter (Minotaur Gladiator)       Turns: 23285, Time: 01:36:47

Health: 0/137      AC: 25    Str: 27      XL:     15   Next: 1%
Magic:  20/20      EV: -1    Int:  2 (6)  God:    Gozag
Gold:   5061       SH:  0    Dex: 13      Spells: 24/25 levels left

rFire   + + .        a - +1 quarterstaff (freeze)
rCold   + . .        (shield currently unavailable)
rNeg    . . .        y - +4 chain mail "Zodiun" {Fly rPois Str+8 Int-5}
rPois   +            c - +1 hat
rElec   +            (no cloak)
rCorr   +            M - +2 pair of gloves
SInv    .            f - +2 pair of boots
Will    +....        r - amulet of reflection Stlth
                     i - ring of protection from fire
HPRegen 0.42/turn    (no ring)
MPRegen 0.17/turn

%: reflection
@: confused, paralysed, resistant, ambrosia-drunk, gold aura, flying, slowed,
lost intelligence, constricted, unable to read
A: horns 2, retaliatory headbutt, low MP 1
a: Renounce Religion, Potion Petition, Call Merchant, Bribe Branch


You were on level 4 of the Abyss.
You worshipped Gozag.
Gozag was greatly pleased with you.
You visited 3 branches of the dungeon, and saw 20 of its levels.
You visited the Abyss 1 time.

You collected 6219 gold pieces.
You spent 266 gold pieces at shops.
You paid 892 gold pieces to Gozag.

Inventory:

Hand Weapons
 a - a +1 quarterstaff of freezing (weapon)
 m - a +1 flail of venom
 C - a +3 scimitar of flaming
 L - the +6 glaive of Might {vamp, +Blink rCorr SInv}
   (You found it on level 5 of the Lair of Beasts)

   SInv:      It lets you see invisible.
   +Blink:    It lets you blink.
   rCorr:     It protects you from acid and corrosion.
 O - the +3 Elemental Staff {rElec rF+ rC+ AC+3}
   (You found it on level 5 of the Lair of Beasts)

   It enhances your fire, ice, earth and air magic.
   AC:        It affects your AC (+3).
   rF:        It protects you from fire.
   rC:        It protects you from cold.
   rElec:     It insulates you from electricity.
 P - a +0 lajatang
 R - a +0 shortbow
Missiles
 e - 13 javelins
 g - 8 boomerangs (quivered)
 t - 28 poisoned darts
 H - 3 datura-tipped darts
 J - 2 throwing nets
Armour
 b - a +0 leather armour
 c - a +1 hat (worn)
 f - a +2 pair of boots (worn)
 y - the +4 chain mail "Zodiun" (worn) {Fly rPois Str+8 Int-5}
   (You bought it in a shop on level 8 of the Dungeon)

   Str:       It affects your strength (+8).
   Int:       It affects your intelligence (-5).
   rPois:     It protects you from poison.
   Fly:       It grants you flight.
 A - a +1 robe of fire resistance
 M - a +2 pair of gloves (worn)
 U - a +1 chain mail of poison resistance
 V - a +1 pair of boots of stealth
Jewellery
 i - a ring of protection from fire (left hand)
 p - the amulet of Gexumir {rN+ Will+ Regen+ Int+6}
   (You found it on level 5 of the Lair of Beasts)

   [amulet of regeneration]

   Int:       It affects your intelligence (+6).
   rN:        It protects you from negative energy.
   Regen:     It increases your rate of health regeneration.
   Will:      It increases your willpower.
 r - an amulet of reflection (around neck)
 u - a ring of fire
 z - a +6 ring of dexterity
 G - a +6 ring of dexterity
 N - a ring of resist corrosion
 W - a ring of ice
Wands
 o - a wand of digging (4)
 q - a wand of paralysis (13)
 x - a wand of acid (2)
 E - a wand of iceblast (4)
 K - a wand of mindburst (5)
Scrolls
 d - 3 scrolls of immolation
 h - 2 scrolls of teleportation
 v - 4 scrolls of fog
 B - a scroll of magic mapping
 D - a scroll of identify
 X - 2 scrolls of fear
 Z - a scroll of amnesia
Potions
 j - 5 potions of magic
 k - 11 potions of ambrosia
 l - 3 potions of mutation
 n - a potion of attraction
 s - 13 potions of curing
 w - 2 potions of brilliance
 Y - a potion of berserk rage
Miscellaneous
 F - a box of beasts
 T - a tin of tremorstones (2/2)


   Skills:
 + Level 13.8 Fighting
 - Level 15.5 Staves
 - Level 5.0 Throwing
 + Level 13.8 Armour
 + Level 13.3 Dodging
 + Level 5.7 Spellcasting
 + Level 3.1 Translocations
 + Level 7.6 Evocations


You had 24 spell levels left.
You knew the following spells:

 Your Spells              Type           Power      Damage    Failure   Level
a - Apportation           Tloc           2%         N/A       32%         1

Your spell library contained the following spells:

 Spells                   Type           Power      Damage    Failure   Level
 Lesser Beckoning         Tloc           2%         N/A       45%         2
 Gell's Gravitas          Tloc           1%         N/A       69%         3
 Teleport Other           Tloc           1%         N/A       69%         3
 Kiss of Death            Conj/Necr      0%         2d5       75%         1
 Necrotise                Necr           0%         1d4       75%         1
 Sandblast                Erth           0%         2d4       75%         1
 Shock                    Conj/Air       0%         1d3       75%         1
 Sting                    Tmut/Pois      0%         1d3       75%         1
 Summon Small Mammal      Summ           0%         N/A       75%         1
 Ensorcelled Hibernation  Hex/Ice        0%         N/A       87%         2
 Passwall                 Tmut/Erth      0%         N/A       87%         2
 Poisonous Vapours        Pois/Air       0%         N/A       87%         2
 Sublimation of Blood     Necr           0%         N/A       87%         2
 Portal Projectile        Hex/Tloc       2%         N/A       88%         3
 Vhi's Electric Charge    Tloc/Air       2%         N/A       88%         3
 Volatile Blastmotes      Fire/Tloc      2%         2d10      88%         3
 Call Canine Familiar     Summ           0%         N/A       98%         3
 Confusing Touch          Hex            0%         N/A       98%         3
 Dazzling Flash           Conj/Hex       0%         N/A       98%         3
 Inner Flame              Hex/Fire       0%         N/A       98%         3
 Stone Arrow              Conj/Erth      0%         3d7       98%         3
 Swiftness                Air            0%         N/A       98%         3
 Tukima's Dance           Hex            0%         N/A       98%         3
 Iskenderun's Mystic Bla  Conj/Tloc      1%         2d3       99%         4
 Airstrike                Air            0%         2d(0-16)  100%        4
 Dispel Undead            Necr           0%         3d6       100%        4
 Flame Wave               Conj/Fire      0%         2d4       100%        4
 Leda's Liquefaction      Hex/Erth       0%         N/A       100%        4
 Olgreb's Toxic Radiance  Pois           0%         N/A       100%        4
 Petrify                  Tmut/Erth      0%         N/A       100%        4
 Sticky Flame             Conj/Fire      0%         2d3       100%        4
 Arcjolt                  Conj/Air       0%         1d10      100%        5
 Blade Hands              Tmut           0%         N/A       100%        5
 Irradiate                Conj/Tmut      0%         3d11      100%        5
 Summon Forest            Summ/Tloc      0%         N/A       100%        5
 Yara's Violent Unravell  Hex/Tmut       0%         3d3       100%        5
 Eringya's Noxious Bog    Tmut/Pois      0%         N/A       100%        6
 Starburst                Conj/Fire      0%         6d3       100%        6
 Enfeeble                 Hex            0%         N/A       100%        7
 Summon Hydra             Summ           0%         N/A       100%        7
 Borgnjor's Revivificati  Necr           0%         N/A       100%        8
 Maxwell's Capacitive Co  Air            0%         ∞         100%        8
 Necromutation            Tmut/Necr      0%         N/A       100%        8
 Death's Door             Necr           0%         N/A       100%        9


Dungeon Overview and Level Annotations

Branches:
Dungeon (14/15)            Temple (1/1) D:5            Lair (5/5) D:9
 Shoals (0/4) Lair:3        Snake (0/4) Lair:2        Slime (0/5) Lair:4
    Orc (0/2) D:11         Vaults (0/5) D:14

Altars:
Ashenzari
Cheibriados
Dithmenos
Elyvilon
Fedhas
Gozag
Hepliaklqana
Kikubaaqudgha
Makhleb
Nemelex Xobeh
Okawaru
Qazlal
Ru
Sif Muna
Trog
Uskayaw
Vehumet
Wu Jian
Xom
Yredelemnul
Zin
The Shining One
Jiyva

Shops:
D:2 *   D:6 :   D:8 *

Portals:
Trove: D:14 (show abyssal rune of Zot)

Annotations:
D:13 2 transporters, Magoutam's ghost, journeyman KoBe


Innate Abilities, Weirdness & Mutations

You have a pair of horns on your head.
You reflexively headbutt those who attack you in melee.
Your magical capacity is low. (-10% MP)


Message History

The quasit is distracted by your dazzling golden aura.
The neqoxec gestures at you.
Something tries to feed on your intellect!
The tentacled starspawn is distracted by your dazzling golden aura.
The starcursed mass is distracted by your dazzling golden aura.
The hell hog bites you but does no damage.
The starcursed mass is distracted by your dazzling golden aura. 2 starspawn tentacles come into view.
Unknown command.
Unknown command.
You hit the tentacled starspawn. You freeze the tentacled starspawn.
You headbutt the tentacled starspawn!
The tentacled starspawn is lightly damaged.
The starcursed mass is no longer distracted by gold.
The tentacled starspawn bites you!!
* * * LOW HITPOINT WARNING * * *
The tentacled starspawn tentacle-slaps you but does no damage.
The starcursed mass is distracted by your dazzling golden aura.
The large abomination is distracted by your dazzling golden aura.
The starcursed mass is distracted by your dazzling golden aura.
Unknown command.
You are confused.
You feel invigorated.
The starcursed mass is no longer distracted by gold.
The large abomination is no longer distracted by gold.
The hell hog bites you but does no damage.
The starspawn tentacle grabs you. The starspawn tentacle constricts you.
* * * LOW HITPOINT WARNING * * *
The tentacled starspawn barely misses you.
The tentacled starspawn tentacle-slaps you but does no damage.
The orange crystal statue is distracted by your dazzling golden aura.
A starcursed mass splits.
The hell hog is distracted by your dazzling golden aura.
A cacophony of accursed wailing tears at your sanity!
* * * LOW HITPOINT WARNING * * *
You suddenly lose the ability to move!
The starspawn tentacle constricts you.
* * * LOW HITPOINT WARNING * * *
The tentacled starspawn bites you!
You die...
Your body crumbles into a pile of gold.

# # . . ## ....
.# ###5 # #.## #
##### ## ##.##
##.##.≈8 . .####
#.##. ##..≈≈ .
#.
...####.###3X†F.
# #
#....##wXXXXX⌠
.# ###.#
#h@XwX.X.. . φ .
.#.$§#XX3..⌠. †
.. ##.##.#$....
§. ###⌠.≈≈ X.
###.≈8 # # #.#
##### #. ###. W#


You could see 9 starcursed masses, 2 tentacled starspawn, 2 orange crystal
statues, a hell hog (unaware), a large abomination, a blink frog, 2 neqoxecs, 2
starspawn tentacles and a quasit.

Vanquished Creatures
  2 very ugly things (Abyss:4)
  A caustic shrike skeleton (Abyss:4)
  Snorg (D:11)
  Harold (D:10)
  A vault guard (D:14)
  2 hydras (Lair:5)
  Fannar (D:12)
  An ogre mage (D:11)
  Erica (Lair:1)
  A catoblepas (Lair:3)
  A boulder beetle (D:12)
  A merfolk avatar (Lair:5)
  5 centaur warriors
  6 two-headed ogres
  Urug (D:12)
  5 death yaks (Lair:5)
  2 tengu warriors
  Nergalle (D:11)
  Lodul (D:11)
  2 skysharks (Lair:5)
  A skeletal warrior (D:14)
  A harpy (Lair:5)
  A deep troll (Lair:3)
  2 glowing orange brains (Abyss:4)
  A deep elf pyromancer (D:13)
  An ugly thing (D:13)
  3 manticores
  10 elephants
  5 black mambas
  Joseph (D:10)
  10 cane toads
  2 torpor snails (Lair:5)
  An orange demon (Abyss:4)
  8 komodo dragons
  4 rime drakes
  A freezing wraith (Abyss:3)
  A yaktaur (shapeshifter) (D:11)
  An efreet (D:11)
  A queen bee (D:12)
  5 polar bears
  3 meliai (D:12)
  A hornet (Lair:5)
  5 trolls
  2 wind drakes
  23 blink frogs
  A large abomination (Abyss:4)
  A centaur simulacrum (D:11)
  5 basilisks
  69 yaks
  5 wraiths
  10 wyverns
  13 vampire mosquitoes
  2 neqoxecs (Abyss:4)
  3 steam dragons
  4 nagas (Lair:2)
  An acid dragon (D:10)
  23 water moccasins
  An ice beast (D:5)
  2 black bears
  9 ogres
  2 wolves (D:9)
  8 centaurs
  A phantom (D:6)
  3 kobold brigands
  2 gnoll sergeants
  11 bullfrogs
  A scorpion (D:5)
  7 wights
  28 killer bees
  2 electric eels
  8 howler monkeys
  An iron imp (Abyss:4)
  A jelly (D:4)
  An orc priest (D:12)
  2 hounds (D:6)
  9 starcursed masses
  Terence (D:3)
  2 sleepcaps
  Natasha (thrice) (D:4)
  4 iguanas
  7 orc wizards
  11 hell rats
  Robin (D:3)
  7 adders
  10 gnolls
  10 river rats
  2 white imps (D:6)
  3 adder skeletons (D:2)
  2 worms
  2 dart slugs (D:1)
  41 orcs
  9 ball pythons
  A bat (D:3)
  A bat skeleton (D:2)
  A bat zombie (D:2)
  6 endoplasms
  5 giant cockroaches (D:3)
  20 goblins
  7 hobgoblins
  6 jackals
  5 quokkas
  2 ball python skeletons (D:2)
  7 frilled lizards
  A giant cockroach zombie (D:2)
  18 kobolds
  6 rats
  A starspawn tentacle (Abyss:4)
569 creatures vanquished.

Vanquished Creatures (collateral kills)
  A hornet (Lair:5)
1 creature vanquished.

Vanquished Creatures (others)
  An orc wizard (D:12)
  An adder (D:3)
  3 starspawn tentacles (Abyss:4)
5 creatures vanquished.

Grand Total: 575 creatures vanquished

Notes
Turn   | Place    | Note
-------+----------+-------------------------------------------
     0 | D:1      | howech the Minotaur Gladiator began the quest for the Orb.
     0 | D:1      | Reached XP level 1. HP: 18/18 MP: 0/0
   291 | D:1      | Reached XP level 2. HP: 24/25 MP: 1/1
   501 | D:1      | Reached skill level 4 in Staves
   913 | D:2      | Found Teduuq's General Store.
   993 | D:2      | Reached skill level 1 in Armour
   993 | D:2      | Reached XP level 3. HP: 12/31 MP: 2/2
  1303 | D:2      | Reached XP level 4. HP: 36/38 MP: 3/3
  1460 | D:3      | Noticed Terence
  1466 | D:3      | Killed Terence
  1684 | D:3      | Noticed Robin
  1694 | D:3      | Killed Robin
  1695 | D:3      | Reached skill level 5 in Staves
  1703 | D:3      | Reached XP level 5. HP: 43/45 MP: 4/4
  1779 | D:3      | Found a shimmering blue altar of Sif Muna.
  2121 | D:3      | Found a shimmering altar of Xom.
  2391 | D:4      | Noticed Natasha
  2474 | D:4      | Killed Natasha
  2526 | D:4      | Found a stormy altar of Qazlal.
  2601 | D:4      | Found a blossoming altar of Fedhas.
  2703 | D:4      | Noticed Natasha
  2718 | D:4      | Killed Natasha
  2839 | D:4      | Reached XP level 6. HP: 49/52 MP: 5/5
  2877 | D:4      | Found a glowing silver altar of Zin.
  2911 | D:4      | Found a hide-covered altar of Uskayaw.
  3076 | D:4      | Noticed Natasha
  3081 | D:4      | Found a shadowy altar of Dithmenos.
  3093 | D:4      | Killed Natasha
  3324 | D:4      | Found a basalt altar of Yredelemnul.
  3325 | D:4      | Found a sacrificial altar of Ru.
  3336 | D:4      | Reached skill level 6 in Staves
  3607 | D:5      | Entered Level 5 of the Dungeon
  3621 | D:5      | Noticed an ice beast
  3636 | D:5      | Killed an ice beast
  3671 | D:5      | Found a staircase to the Ecumenical Temple.
  3683 | D:5      | Reached XP level 7. HP: 29/60 MP: 6/6
  3843 | Temple   | Entered the Ecumenical Temple
  3875 | Temple   | Became a worshipper of Gozag Ym Sagoz the Greedy
  4048 | D:5      | Found an ornate altar of the Wu Jian Council.
  4826 | D:6      | Reached skill level 7 in Staves
  4834 | D:6      | Reached skill level 5 in Fighting
  4834 | D:6      | Reached skill level 5 in Dodging
  5145 | D:5      | Found a glowing golden altar of the Shining One.
  5431 | D:6      | Found a sparkling altar of Nemelex Xobeh.
  5455 | D:6      | Found Jez Jit's Vocational Training.
  5816 | D:6      | Reached XP level 8. HP: 53/68 MP: 7/7
  6290 | D:7      | Reached skill level 8 in Staves
  6388 | D:6      | Reached skill level 5 in Armour
  6679 | D:7      | Found a snail-covered altar of Cheibriados.
  7059 | D:7      | Found an ancient bone altar of Kikubaaqudgha.
  7101 | D:7      | Reached skill level 9 in Staves
  7101 | D:7      | Reached skill level 5 in Throwing
  7101 | D:7      | Reached XP level 9. HP: 35/77 MP: 8/8
  7425 | D:7      | Got the Guidebook on Amorphous Spellbinding
  7731 | D:8      | Found Cibim's Assorted Antiques.
  7740 | D:8      | Bought a glimmering chain mail for 266 gold pieces
  7740 | D:8      | Identified the +4 chain mail "Zodiun" {Fly rPois Str+8
                  | Int-5} (You bought it in a shop on level 8 of the Dungeon)
  7833 | D:8      | Noticed a tengu warrior
  7851 | D:8      | Killed a tengu warrior
  7852 | D:8      | Reached skill level 10 in Staves
  8403 | D:9      | Reached XP level 10. HP: 80/87 MP: 9/9
  8407 | D:9      | Reached skill level 11 in Staves
  8881 | D:9      | Found a staircase to the Lair.
  9015 | D:9      | Reached skill level 12 in Staves
  9457 | Lair:1   | Entered Level 1 of the Lair of Beasts
  9461 | Lair:1   | Noticed Erica
  9598 | Lair:1   | Killed Erica
  9710 | Lair:1   | Reached XP level 11. HP: 84/97 MP: 10/10
  9856 | Lair:1   | Reached skill level 13 in Staves
 11061 | Lair:2   | Reached skill level 10 in Fighting
 11415 | Lair:2   | Found a staircase to the Snake Pit.
 11509 | Lair:2   | Reached skill level 14 in Staves
 11966 | Lair:2   | Reached skill level 10 in Armour
 12436 | Lair:3   | Reached skill level 10 in Dodging
 12499 | Lair:3   | Reached skill level 15 in Staves
 12587 | Lair:3   | Reached XP level 12. HP: 106/106 MP: 11/11
 12669 | Lair:3   | Noticed a catoblepas
 12723 | Lair:3   | Reached skill level 1 in Evocations
 12836 | Lair:3   | Reached skill level 1 in Spellcasting
 13216 | Lair:3   | Found a staircase to the Shoals.
 13428 | Lair:3   | Killed a catoblepas
 14161 | Lair:4   | Found a staircase to the Slime Pits.
 14170 | Lair:4   | Found a viscous altar of Jiyva.
 15461 | Lair:5   | Entered Level 5 of the Lair of Beasts
 15617 | Lair:5   | Reached XP level 13. HP: 79/116 MP: 16/16
 16347 | Lair:5   | Reached skill level 5 in Evocations
 17124 | Lair:5   | Found the +3 Elemental Staff {rElec rF+ rC+ AC+3}
 17430 | Lair:5   | Identified the amulet of Gexumir {rN+ Will+ Regen+ Int+6}
 17439 | Lair:5   | Identified the +6 glaive of Might {vamp, +Blink rCorr SInv}
 18003 | D:10     | Entered Level 10 of the Dungeon
 18080 | D:10     | Reached XP level 14. HP: 127/127 MP: 19/19
 18082 | D:10     | Noticed Joseph
 18095 | D:10     | Killed Joseph
 18133 | D:10     | Noticed Harold
 18335 | D:10     | Killed Harold
 18722 | D:11     | Found a staircase to the Orcish Mines.
 19041 | D:11     | Noticed Lodul
 19067 | D:11     | Killed Lodul
 19096 | D:11     | Learned a level 1 spell: Apportation
 19233 | D:11     | Noticed Snorg
 19248 | D:11     | Killed Snorg
 19368 | D:11     | Noticed Nergalle
 19516 | D:11     | Killed Nergalle
 19927 | D:11     | Paralysed by an ogre mage for 3 turns
 19940 | D:11     | Reached skill level 5 in Spellcasting
 19940 | D:11     | Reached skill level 1 in Translocations
 20211 | D:12     | Noticed Fannar
 20252 | D:12     | Killed Fannar
 21082 | D:12     | Noticed Urug
 21096 | D:12     | Killed Urug
 22031 | D:13     | Found a transporter.
 22042 | D:13     | Found a transporter.
 22044 | D:13     | Noticed Magoutam's ghost (journeyman KoBe)
 22473 | D:14     | Found a portal to a secret trove of treasure.
 22645 | D:14     | Found a gate to the Vaults.
 22704 | Abyss:3  | Cast into level 3 of the Abyss (vault guard)
 22848 | Abyss:3  | Paralysed by accursed screaming for 1 turns
 23094 | Abyss:4  | Noticed a green very ugly thing
 23119 | Abyss:4  | Noticed a bone dragon
 23184 | Abyss:4  | Noticed a green very ugly thing
 23196 | Abyss:4  | Killed a green very ugly thing
 23224 | Abyss:4  | Gained mutation: Your magical capacity is low. (-10% MP) [a
                  | neqoxec]
 23242 | Abyss:4  | Paralysed by accursed screaming for 1 turns
 23252 | Abyss:4  | Killed a green very ugly thing
 23253 | Abyss:4  | Noticed a tentacled starspawn
 23263 | Abyss:4  | Noticed a tentacled starspawn
 23265 | Abyss:4  | Lost intelligence.
 23281 | Abyss:4  | Reached XP level 15. HP: 44/137 MP: 20/20
 23285 | Abyss:4  | Paralysed by accursed screaming for 2 turns
 23285 | Abyss:4  | Slain by a tentacled starspawn

Illustrated notes

Levels and vault maps discovered:
D:1:      eino_arrival_cavern_a, layout_loops_cross, minmay_bisected
D:2:      layout_rooms, serial_shops, nicolae_square_shop, serial_undead,
          serial_undead_d, serial_undead_e, serial_undead_c, serial_undead_a,
          minivault_14, serial_bayou_ford_a
D:3:      layout_loops_ring, xom_confusion_cloud,
          mainiacjoe_overflow_concentric_impassable, uniq_robin, uniq_terence
D:4:      layout_cave_pools, grunt_temple_overflow_forces_of_nature,
          grunt_dithmenos_smoke_and_mirrors, zin_treasury,
          mainiacjoe_overflow_small_starburst, mainiacjoe_overflow_divided_tiny,
          uniq_natasha
D:5:      layout_basic, mainiacjoe_overflow_chevrons, old_standard_altar,
          minmay_temple_entry_mini_moons, minmay_ogre_servants
D:6:      layout_basic, amcnicky_altar_gilded, minmay_misc_feat_room,
          nicolae_shop_vocational
D:7:      layout_loops_cross, cheibriados_altar_1, old_standard_altar
D:8:      layout_loops_cross, serial_shops, shop, kennysheep_generic_room_4
D:9:      layout_basic, minmay_lair_entry_grove
D:10:     layout_rooms, uniq_harold, uniq_joseph
D:11:     minmay_shrinking_squares, layout_irregular_city, david_orc_2,
          uniq_lodul, uniq_nergalle, uniq_snorg
D:12:     layout_basic, special_room [special_room_bee], uniq_urug, uniq_fannar
D:13:     layout_rooms, gammafunk_ghost_arena
D:14:     layout_loops_corners, lightli_vaults_fourway_checkpoint,
          nicolae_hexahallways, enter_trove_2, uniq_nessos
Temple:   hellmonk_temple_flake
Lair:1:   layout_cave_shapes, special_room, kennysheep_rathole, uniq_erica
Lair:2:   layout_cave_pods, minmay_snake_entry_guardpost_small,
          chequers_serial_rivers_marsh
Lair:3:   dreamdust_cave_troll, layout_gridlike, minmay_shoals_entry_beasts,
          serial_bayou_shore_a, infiniplex_staircase_pool
Lair:4:   layout_small_grid, slime_entry_1, kennysheep_abandoned_house,
          grunt_megastairs_4
Lair:5:   gammafunk_lair_ancient_temple, layout_gridlike
Abyss:4:  base: D:5, abyss_fake_exit, doesnt_abyss_rune_brain_food,
          doesnt_abyss_rune_brain_food

Skill      XL: |  1  2  3  4  5  6  7  8  9 10 11 12 13 14 |
---------------+-------------------------------------------+-----
Staves         | 4 5 6 7 9 10 12 15 | 15.5
Fighting       | 3 4 5 6 7 9 10 11 12 13 | 13.8
Armour         | 1 2 3 4 5 7 8 10 11 12 13 | 13.8
Dodging        | 4 5 6 7 8 10 11 12 13 | 13.3
Throwing       | 3 4 5 |  5.0
Evocations     | 4 6 7 |  7.6
Spellcasting   | 3 4 5 |  5.7
Translocations | 3 |  3.1

Action                     |  1- 3 |  4- 6 |  7- 9 | 10-12 | 13-15 || total
---------------------------+-------+-------+-------+-------+-------++-------
  Melee: Quarterstaff      |    57 |   184 |   252 |   657 |   854 ||  2004
         Headbutt          |     8 |    26 |    38 |   144 |   238 ||   454
  Throw: Throwing net      |     1 |     2 |     2 |     2 |     1 ||     8
         Javelin           |       |       |       |    23 |     1 ||    24
         Boomerang         |       |       |       |     5 |   103 ||   108
 Invoke: Potion Petition   |       |       |       |       |     3 ||     3
  Evoke: Box of beasts     |       |       |       |       |     1 ||     1
         Wand              |       |       |       |       |     5 ||     5
    Use: Scroll            |     2 |     6 |     8 |     4 |    17 ||    37
         Potion            |       |     3 |     4 |     1 |    11 ||    19
   Stab: Held in net/web   |       |     1 |       |       |       ||     1
         Distracted        |       |       |     4 |     2 |     2 ||     8
         Invisible         |       |       |       |       |     1 ||     1
 Armour: Leather armour    |    22 |    62 |    39 |       |       ||   123
         Skin              |       |     4 |       |       |       ||     4
         Chain mail        |       |       |    36 |   194 |   291 ||   521
  Dodge: Dodged            |    35 |    84 |   124 |   206 |   393 ||   842
  Block: Other             |       |       |       |    47 |   132 ||   179
         Reflection        |       |       |       |       |    11 ||    11
